AoeStats
← ogipochi_

African Clearing

506426431Analyzed
4v4 RM · 20d ago on Sep 13, 2026· 27m 8s· 8 players
Game mode
Random Map
Map size
Large (8 player)
Population
200
Speed
Normal
Resources
Standard
Victory
Conquest
Starting age
Dark Age
Ending age
Imperial Age
RankedLock teamsTeams togetherTeam positionsShared explorationLock speedFull tech treeHidden civsTurbo modeCheats
Victory
Defeat
🇮🇩 Celts · Indonesia
850
+13
🇳🇱 Cumans · Netherlands
831
+14
🇷🇺 Persians · Russia
810
+15
🇨🇳 Spanish · China
778
+16
🇨🇦 Bohemians · Canada
835
-16
🇦🇷 Franks · Argentina
796
-15
🇨🇴 Cumans · Colombia
778
-14
🇯🇵 Khitans · Japan
742
-13
ogipochi_
12:47 Loom
14:38 Feudal Age
15:28 Double-Bit Axe
15:34 Gold Mining
16:51 Wheelbarrow
16:39 Man-at-Arms
18:40 Arson
19:59 Forging
21:29 Scale Mail Armor
25:06 Castle Age
24:17 Padded Archer Armor
24:08 Fletching
26:03 Bow Saw
25:21 Elite Skirmisher
26:07 Thumb Ring
Pino
12:01 Loom
15:08 Feudal Age
17:17 Town Watch
19:28 Wheelbarrow
23:16 Man-at-Arms
24:32 Man-at-Arms
Krypp
15:12 Feudal Age
22:54 Castle Age
21:14 Double-Bit Axe
21:16 Horse Collar
Gsamp
18:41 Feudal Age
18:45 Man-at-Arms
WeighedPlayer8
3:26 Loom
14:30 Feudal Age
15:10 Double-Bit Axe
卢本伟
3:58 Loom
15:09 Feudal Age
19:18 Castle Age
oos
3:53 Loom
5:22 Loom
14:44 Feudal Age
15:23 Town Watch
15:35 Double-Bit Axe
15:42 Fishing Lines
21:28 Wheelbarrow
24:01 Man-at-Arms
29:40 Castle Age
Banaan9613
13:18 Feudal Age
13:43 Double-Bit Axe
20:03 Castle Age
27:11 Imperial Age
24:57 Horse Collar
26:22 Ballistics
Connection lost

Rejoining the realm…

Still unreachable

The connection could not be restored.

Session expired

The server has moved on; the page needs a fresh start.